[Event "TCh-ESP Div Honor 2016"]
[White "Calzetta Ruiz, Monica"]
[Black "Hernandez Estevez, Yudania"]
[Site "Monzon"]
[Result "1-0"]
[Date "2016.10.01"]
[WhiteElo "2249"]
[BlackElo "2224"]
[PlyCount "140"]
[TimeControl "60"]

1. e4 c6 2. d4 d5 3. Nd2 dxe4 4. Nxe4 Nf6 5. Nxf6+ gxf6 6. Ne2 Bf5 7. Ng3 Bg6 8. Be2 e6 9. h4 h5 10. c3 Qa5 11. b4 Qd5 12. 0-0 Nd7 13. a4 Be7 14. c4 Qd6 15. c5 Qc7 16. Re1 0-0-0 17. Qb3 f5 18. b5 Nf6 19. bxc6 bxc6 20. Ba6+ Kd7 21. Bg5 Rb8 22. Qf3 Nd5 23. Bxe7 Nxe7 24. Rab1 Nd5 25. Bc4 Nf6 26. Ne2 Rxb1 27. Rxb1 Rb8 28. Rd1 Rb4 29. Bb3 Qb8 30. Nc1 f4 31. g3 Be4 32. Qxf4 Qxf4 33. gxf4 Rxb3 34. Nxb3 Bc2 35. Rd2 Bxb3 36. Rb2 Bxa4 37. Rb7+ Ke8 38. Rxa7 Bb5 39. Kg2 Kf8 40. Kf3 Kg7 41. f5 exf5 42. Kf4 Kg6 43. Ra1 Nd5+ 44. Ke5 f6+ 45. Ke6 Nf4+ 46. Kd6 Nh3 47. f3 Nf4 48. Ra5 Be2 49. Ra3 Bb5 50. Ra5 Be2 51. Kxc6 Bxf3+ 52. Kd6 Ne2 53. d5 f4 54. c6 Bg4 55. c7 f3 56. Ke7 Nd4 57. Ra6 Nf5+ 58. Kd8 Nd6 59. Rxd6 f2 60. Re6 Bxe6 61. dxe6 f1=Q 62. c8=Q Qd3+ 63. Qd7 Qa6 64. Ke7 Qa3+ 65. Ke8 Qa8+ 66. Qd8 Qa4+ 67. Kf8 Qc4 68. Qe8+ Kh6 69. Kf7 Qc7+ 70. Qe7 Qd8 1-0

[Event "TCh-ESP Div Honor 2016"]
[White "Garcia Martin, Marta"]
[Black "Vega Gutierrez, Sabrina"]
[Site "Monzon"]
[Result "0-1"]
[Date "2016.10.01"]
[WhiteElo "2218"]
[BlackElo "2411"]
[PlyCount "102"]
[TimeControl "60"]

1. e4 c5 2. Nf3 e6 3. g3 Nc6 4. Bg2 Nf6 5. d3 d6 6. 0-0 Be7 7. Re1 0-0 8. c3 Bd7 9. d4 cxd4 10. cxd4 d5 11. exd5 Nxd5 12. Nc3 Nxc3 13. bxc3 Rc8 14. Rb1 b6 15. Qd3 Na5 16. Ne5 Bd6 17. Be4 h6 18. Nxd7 Qxd7 19. Qf3 f5 20. Bc2 Rf6 21. Bb3 Kh8 22. Rb2 Nxb3 23. axb3 f4 24. g4 Qc6 25. Qxc6 Rxc6 26. c4 f3 27. Re4 a5 28. Ra2 Bc7 29. Bd2 Kh7 30. h4 h5 31. gxh5 Rf5 32. Bg5 b5 33. c5 e5 34. Be3 exd4 35. Bxd4 Rxh5 36. Kf1 Kg6 37. Ke1 Kf5 38. Re7 Rxh4 39. Be3 Kf6 40. Rd7 Rb4 41. Ra3 g5 42. Kd2 g4 43. Kc2 Ke6 44. Rg7 Bd8 45. Kd3 Bf6 46. Rb7 Be7 47. Rb6 Kd5 48. Rxc6 Kxc6 49. Rxa5 Rxb3+ 50. Ke4 Bxc5 51. Kf4 Rb4+ 0-1

[Event "TCh-ESP Div Honor 2016"]
[White "Edouard, Romain"]
[Black "Almagro Llamas, Pablo"]
[Site "Monzon"]
[Result "1-0"]
[Date "2016.10.01"]
[WhiteElo "2635"]
[BlackElo "2436"]
[PlyCount "61"]
[TimeControl "60"]

1. Nf3 Nf6 2. c4 b6 3. g3 Bb7 4. Bg2 c5 5. Nc3 g6 6. 0-0 Bg7 7. d4 cxd4 8. Qxd4 0-0 9. Qh4 Na6 10. Rd1 Rc8 11. Nd5 b5 12. Nxf6+ Bxf6 13. Ng5 h6 14. Qxh6 Bxg5 15. Bxg5 Bxg2 16. cxb5 Nc5 17. Kxg2 Ne6 18. Be3 Rc4 19. Kg1 Qc7 20. Rd5 d6 21. Rad1 Ng7 22. Bd4 e5 23. Bc3 Nf5 24. Qg5 Re8 25. Qd2 Re6 26. e3 Qb7 27. Qd3 Ra4 28. e4 Nd4 29. a3 f5 30. Bxd4 exd4 31. Qb3 1-0

[Event "TCh-ESP Div Honor 2016"]
[White "Banusz, Tamas"]
[Black "Bacrot, Etienne"]
[Site "Monzon"]
[Result "1/2-1/2"]
[Date "2016.10.01"]
[WhiteElo "2613"]
[BlackElo "2692"]
[PlyCount "43"]
[TimeControl "60"]

1. Nf3 Nf6 2. c4 g6 3. g3 Bg7 4. Bg2 c5 5. 0-0 Nc6 6. d4 cxd4 7. Nxd4 0-0 8. Nc3 Qa5 9. Nb3 Qh5 10. h3 d6 11. g4 Bxg4 12. hxg4 Nxg4 13. Bf4 Be5 14. Qd2 g5 15. Bxe5 Ncxe5 16. Rfc1 Nxc4 17. Qd4 Nce3 18. fxe3 Qh4 19. Nd5 Qf2+ 20. Kh1 Qh4+ 21. Kg1 Qf2+ 22. Kh1 1/2-1/2

[Event "TCh-ESP Div Honor 2016"]
[White "Svetushkin, Dmitry"]
[Black "Laznicka, Viktor"]
[Site "Monzon"]
[Result "1/2-1/2"]
[Date "2016.10.01"]
[WhiteElo "2543"]
[BlackElo "2651"]
[PlyCount "74"]
[TimeControl "60"]

1. e4 e5 2. Nf3 Nc6 3. Bb5 Nf6 4. 0-0 Nxe4 5. d4 Nd6 6. Bxc6 dxc6 7. dxe5 Nf5 8. Qxd8+ Kxd8 9. Rd1+ Ke8 10. Nc3 b6 11. Ne2 Ne7 12. b3 c5 13. Bb2 Bg4 14. Nf4 Ng6 15. Nd5 Rc8 16. a4 h5 17. c4 a5 18. Rd3 c6 19. Ne3 Nf4 20. Rd2 Be7 21. Ne1 Rd8 22. Rxd8+ Bxd8 23. g3 Ne6 24. Kg2 Nd4 25. Bxd4 cxd4 26. Nxg4 hxg4 27. Nd3 Rh5 28. Re1 c5 29. Nf4 Rf5 30. h3 gxh3+ 31. Kxh3 Kd7 32. Kg4 Rg5+ 33. Kf3 Bc7 34. Nd3 Rh5 35. Kg2 Rh6 36. f4 f5 37. Rh1 Rh8 1/2-1/2

[Event "TCh-ESP Div Honor 2016"]
[White "Castellanos Rodriguez, Renier"]
[Black "Magem Badals, Jordi"]
[Site "Monzon"]
[Result "1/2-1/2"]
[Date "2016.10.01"]
[WhiteElo "2495"]
[BlackElo "2543"]
[PlyCount "61"]
[TimeControl "60"]

1. e4 c6 2. d4 d5 3. e5 Bf5 4. Nf3 e6 5. Be2 Bb4+ 6. Nbd2 Nd7 7. 0-0 Ba5 8. c3 Bc7 9. Ne1 c5 10. Bd3 Ne7 11. Ndf3 cxd4 12. cxd4 h6 13. Bxf5 Nxf5 14. Nd3 Bb6 15. Nf4 0-0 16. Qd3 Rc8 17. Be3 Nb8 18. Rfc1 Qd7 19. g4 Nxe3 20. fxe3 Rxc1+ 21. Rxc1 Rc8 22. Rc3 Ba5 23. Rc2 Rxc2 24. Qxc2 Qc6 25. Qxc6 Nxc6 26. Kf2 Kf8 27. Ke2 Ke7 28. Nh5 Kf8 29. Nf4 Ke7 30. Nh5 Kf8 31. Nf4 1/2-1/2

[Event "TCh-ESP Div Honor 2016"]
[White "De La Villa Garcia, Jesus Maria"]
[Black "Santos Ruiz, Miguel"]
[Site "Monzon"]
[Result "1/2-1/2"]
[Date "2016.10.01"]
[WhiteElo "2473"]
[BlackElo "2472"]
[PlyCount "54"]
[TimeControl "60"]

1. e4 c5 2. Nf3 d6 3. d4 cxd4 4. Nxd4 Nf6 5. f3 Nc6 6. c4 e6 7. Nc3 Be7 8. Be2 0-0 9. 0-0 d5 10. cxd5 exd5 11. Nxc6 bxc6 12. exd5 Nxd5 13. Nxd5 Qxd5 14. Qxd5 cxd5 15. Rd1 Bf6 16. Rb1 Be6 17. b3 Rfc8 18. Be3 Rc2 19. Rd2 Rac8 20. Rbd1 Rxd2 21. Rxd2 Rc1+ 22. Kf2 Bc3 23. Rd3 Be1+ 24. Kf1 Bd2+ 25. Kf2 Be1+ 26. Kf1 Bd2+ 27. Kf2 Be1+ 1/2-1/2

[Event "TCh-ESP Div Honor 2016"]
[White "Espinosa Aranda, Angel"]
[Black "Salgado Lopez, Ivan"]
[Site "Monzon"]
[Result "0-1"]
[Date "2016.10.01"]
[WhiteElo "2438"]
[BlackElo "2662"]
[PlyCount "60"]
[TimeControl "60"]

1. e4 c5 2. Nf3 e6 3. b3 b6 4. Bd3 Bb7 5. 0-0 d6 6. Bb2 Nd7 7. c3 Ngf6 8. Re1 Qc7 9. Bc2 Rc8 10. d3 Be7 11. Nbd2 0-0 12. Rc1 b5 13. d4 Rfd8 14. Bd3 a6 15. c4 Qa5 16. e5 dxe5 17. dxe5 Ng4 18. Qc2 Nf8 19. Ne4 Ng6 20. Neg5 bxc4 21. bxc4 Bc6 22. h3 Nh6 23. h4 Rb8 24. h5 Nf4 25. Bxh7+ Kf8 26. Bc3 Qa3 27. Rcd1 Rxd1 28. Rxd1 Qxc3 29. Rb1 Rxb1+ 30. Qxb1 Qb4 0-1

[Event "TCh-ESP Div Honor 2016"]
[White "Rudolf, Anna"]
[Black "Buiza Prieto, Eihartze"]
[Site "Monzon"]
[Result "0-1"]
[Date "2016.10.01"]
[WhiteElo "2247"]
[BlackElo "2093"]
[PlyCount "201"]
[TimeControl "60"]

1. e4 e5 2. Nf3 Nc6 3. Bb5 a6 4. Ba4 Nf6 5. Qe2 d6 6. c3 Be7 7. 0-0 0-0 8. Rd1 b5 9. Bc2 Bd7 10. h3 Re8 11. d3 Bf8 12. Nbd2 Ne7 13. d4 Ng6 14. Nf1 c5 15. Bg5 Ra7 16. dxc5 dxc5 17. a4 h6 18. Be3 Ra8 19. Ng3 Qc7 20. Nf5 Bc6 21. Nd2 c4 22. Qf3 Nd7 23. Nf1 Nc5 24. N1g3 Nxa4 25. Bxa4 bxa4 26. Nh5 Re6 27. Rd2 Qb7 28. Nfg3 Nh4 29. Qe2 Rc8 30. Rad1 Bxe4 31. Qg4 f5 32. Nxf5 Bxf5 33. Qxh4 Be7 34. Qg3 Rg6 35. Qh2 Bd3 36. Ng3 Rf8 37. Kh1 Bh4 38. Qg1 Qc6 39. Qe1 Rf7 40. Kh2 Rb7 41. Ra1 Be7 42. Qd1 Rb3 43. Qh5 a3 44. bxa3 Rxc3 45. a4 Bb4 46. Rdd1 Rb3 47. Rac1 Ba3 48. Rxd3 Rxd3 49. Rxc4 Qxc4 50. Qxg6 Rd6 51. Qe8+ Kh7 52. Nf5 Rg6 53. Qxe5 Qxa4 54. g3 Qd7 55. Qe4 Re6 56. Qc2 g6 57. Nd4 Rf6 58. Qc3 Bf8 59. Ne2 Bg7 60. Qc2 Qf5 61. Qc7 Rf7 62. Qc4 a5 63. Nf4 Re7 64. h4 Qe4 65. Qa6 a4 66. h5 g5 67. Nd3 Re6 68. Qc8 Qc6 69. Qb8 Qd6 70. Qb1 Kg8 71. Qa2 Kh8 72. Bc5 Qd7 73. Qc4 Re8 74. Qa6 Re6 75. Qc4 Re8 76. Qa6 Rd8 77. Nb4 Qf7 78. Qxa4 Qxh5+ 79. Kg2 g4 80. Be3 Qf5 81. Qc6 Rc8 82. Qd5 Rf8 83. Qxf5 Rxf5 84. Nd3 Kg8 85. Nf4 Kf7 86. f3 h5 87. fxg4 hxg4 88. Ne2 Ra5 89. Bf4 Ke6 90. Kf2 Ra3 91. Be3 Ra4 92. Bb6 Kf5 93. Bc5 Rc4 94. Bb6 Ke4 95. Nf4 Bd4+ 96. Bxd4 Rxd4 97. Ne2 Rd2 98. Ke1 Rc2 99. Kf1 Ke3 100. Nf4 Kf3 101. Ke1 0-1

[Event "TCh-ESP Div Honor 2016"]
[White "Ganguly, Surya Shekhar"]
[Black "Saric, Ivan"]
[Site "Monzon"]
[Result "1-0"]
[Date "2016.10.02"]
[WhiteElo "2672"]
[BlackElo "2668"]
[PlyCount "141"]
[TimeControl "60"]

1. e4 c5 2. Nf3 d6 3. d4 cxd4 4. Nxd4 Nf6 5. Nc3 a6 6. h3 e6 7. g4 h6 8. Bg2 Be7 9. Be3 Nc6 10. f4 Nd7 11. 0-0 0-0 12. Nf3 b5 13. Ne2 Bb7 14. Ng3 d5 15. exd5 exd5 16. Qxd5 Na5 17. Qd1 Nc4 18. Bd4 Bc5 19. Kh1 Bxd4 20. Qxd4 Nf6 21. Nf5 Qxd4 22. N3xd4 Bxg2+ 23. Kxg2 Nxb2 24. Ne7+ Kh7 25. g5 Ne4 26. Rfe1 Nc3 27. Ndc6 Rfe8 28. h4 g6 29. h5 gxh5 30. Rh1 hxg5 31. Rxh5+ Kg7 32. Rxg5+ Kf6 33. Re1 Nc4 34. Rf5+ Kg7 35. Rg5+ Kf6 36. Rg3 b4 37. f5 Rxe7 38. Nxe7 Ne5 39. Ng8+ Kxf5 40. Nh6+ Kf6 41. Rge3 Kg6 42. Rxe5 Kxh6 43. Kf3 a5 44. Kf4 Kg7 45. a3 bxa3 46. Ra1 Rd8 47. Rxa3 Nd5+ 48. Kf3 Nb4 49. Rc5 Rd2 50. c3 Nd3 51. Rcxa5 Rh2 52. Rd5 Rh3+ 53. Ke4 Nb2 54. Rd4 Kg6 55. Ra6+ Kg5 56. Rd2 f5+ 57. Kd4 Rh4+ 58. Kd5 Nc4 59. Rd3 Re4 60. Re6 Rg4 61. Rd4 Nb2 62. c4 f4 63. c5 f3 64. Rxg4+ Kxg4 65. c6 Nd3 66. c7 Nf4+ 67. Ke4 Nxe6 68. c8=Q f2 69. Qc1 Kg3 70. Qe3+ Kg2 71. Qf3+ 1-0

[Event "TCh-ESP Div Honor 2016"]
[White "Sevian, Samuel"]
[Black "Van Wely, Loek"]
[Site "Monzon"]
[Result "0-1"]
[Date "2016.10.02"]
[WhiteElo "2591"]
[BlackElo "2674"]
[PlyCount "124"]
[TimeControl "60"]

1. e4 c5 2. Nf3 d6 3. d4 cxd4 4. Nxd4 Nf6 5. Nc3 a6 6. Be3 e5 7. Nb3 Be7 8. f3 Be6 9. Qd2 Nbd7 10. g4 Nb6 11. g5 Nh5 12. 0-0-0 0-0 13. Rg1 Rc8 14. Kb1 g6 15. h4 Qc7 16. Qf2 Bd8 17. Rg2 Nc4 18. Bxc4 Bxc4 19. Qd2 f6 20. Qxd6 Qxd6 21. Rxd6 fxg5 22. Bxg5 Nf4 23. Bxf4 Rxf4 24. h5 Rxf3 25. Nd2 Rh3 26. Nxc4 Rh1+ 27. Nd1 Be7 28. Rd7 Rxc4 29. hxg6 hxg6 30. b3 Rxe4 31. Rxe7 Rxd1+ 32. Kb2 Rd6 33. Rxb7 Rf4 34. Re7 e4 35. Re2 g5 36. c4 g4 37. R7xe4 Rxe4 38. Rxe4 Rg6 39. Kc3 g3 40. Re1 a5 41. Kd4 Kf7 42. Rg1 Ke6 43. Ke4 Kd6 44. Kf3 Rf6+ 45. Kxg3 Kc5 46. Rd1 a4 47. Rd5+ Kb4 48. Rb5+ Kc3 49. c5 a3 50. Rb6 Rf8 51. b4 Kb2 52. b5 Kxa2 53. Ra6 Rf5 54. Rc6 Kb2 55. b6 a2 56. b7 a1=Q 57. b8=Q+ Kc2 58. Kg4 Rf2 59. Qg3 Qg7+ 60. Kh3 Qh7+ 61. Kg4 Qf5+ 62. Kh4 Rf4+ 0-1

[Event "TCh-ESP Div Honor 2016"]
[White "Bacrot, Etienne"]
[Black "Anton Guijarro, David"]
[Site "Monzon"]
[Result "1/2-1/2"]
[Date "2016.10.02"]
[WhiteElo "2692"]
[BlackElo "2630"]
[PlyCount "151"]
[TimeControl "60"]

1. d4 Nf6 2. c4 e6 3. Nf3 b6 4. g3 Bb7 5. Bg2 Be7 6. 0-0 0-0 7. Re1 d5 8. cxd5 exd5 9. Nc3 Nbd7 10. Bf4 c5 11. dxc5 Nxc5 12. Rc1 Nfe4 13. Be5 Re8 14. Nb5 Bf8 15. b4 Ne6 16. a3 a5 17. Qb3 axb4 18. axb4 Rc8 19. Nbd4 Nxd4 20. Bxd4 b5 21. Rxc8 Qxc8 22. e3 Qc4 23. Qb2 Rc8 24. Bf1 Qxb4 25. Qxb4 Bxb4 26. Rb1 Bc5 27. Rxb5 Ba6 28. Ra5 Bxf1 29. Kxf1 h5 30. Bxc5 Nxc5 31. Nd4 g6 32. Ne2 Ne4 33. Rxd5 Nc3 34. Nxc3 Rxc3 35. Ke2 Kg7 36. f3 Ra3 37. e4 Kf6 38. Rd3 Ra2+ 39. Rd2 Ra3 40. Kf2 Rb3 41. f4 Ra3 42. Rb2 Kg7 43. e5 h4 44. gxh4 Rh3 45. Kg2 Rxh4 46. Kg3 Rh8 47. Rb7 Re8 48. Kg4 Re6 49. h4 Ra6 50. h5 gxh5+ 51. Kxh5 Rh6+ 52. Kg5 Rg6+ 53. Kf5 Ra6 54. Kg4 Ra1 55. Kg5 Rg1+ 56. Kf5 Rg6 57. Ke4 Rg1 58. f5 Re1+ 59. Kd5 Rf1 60. f6+ Kg6 61. Rb3 Ra1 62. Rg3+ Kf5 63. Kd6 Ra6+ 64. Ke7 Ra7+ 65. Kf8 Kxe5 66. Kg7 Kf5 67. Rf3+ Ke6 68. Rf1 Rb7 69. Rh1 Ra7 70. Re1+ Kf5 71. Re7 Ra6 72. Rb7 Rc6 73. Rxf7 Kg5 74. Rf8 Ra6 75. Rf7 Rc6 76. Rf8 1/2-1/2

[Event "TCh-ESP Div Honor 2016"]
[White "Iturrizaga Bonelli, Eduardo"]
[Black "Rapport, Richard"]
[Site "Monzon"]
[Result "1-0"]
[Date "2016.10.02"]
[WhiteElo "2650"]
[BlackElo "2752"]
[PlyCount "79"]
[TimeControl "60"]

1. Nf3 Nc6 2. d4 d5 3. e3 Bg4 4. Be2 e6 5. b3 Bb4+ 6. c3 Bd6 7. Bb2 Nce7 8. Nbd2 Nf6 9. c4 c6 10. Qc2 Ne4 11. c5 Bc7 12. Nxe4 dxe4 13. Qxe4 Bf5 14. Qh4 Ba5+ 15. Kf1 f6 16. Qh5+ g6 17. Qh6 Qd7 18. Ne1 g5 19. Bh5+ Bg6 20. Bxg6+ Nxg6 21. Qh5 0-0-0 22. d5 e5 23. d6 b6 24. Qe2 Bxe1 25. Rxe1 bxc5 26. Rd1 f5 27. Ba3 f4 28. Bxc5 Kb7 29. e4 Nh4 30. f3 g4 31. Qf2 Ng6 32. Bxa7 c5 33. Bxc5 Qb5+ 34. Ke1 g3 35. Qc2 Ra8 36. a4 Qa5+ 37. b4 Qxa4 38. Qxa4 Rxa4 39. hxg3 fxg3 40. Rh3 1-0

[Event "TCh-ESP Div Honor 2016"]
[White "Harikrishna, P."]
[Black "Inarkiev, Ernesto"]
[Site "Monzon"]
[Result "1/2-1/2"]
[Date "2016.10.02"]
[WhiteElo "2752"]
[BlackElo "2732"]
[PlyCount "69"]
[TimeControl "60"]

1. e4 e5 2. Nf3 Nc6 3. Bb5 a6 4. Ba4 Nf6 5. 0-0 Be7 6. Re1 b5 7. Bb3 0-0 8. c3 d5 9. exd5 Nxd5 10. Nxe5 Nxe5 11. Rxe5 c6 12. d3 Bd6 13. Re1 Bf5 14. Qf3 Bg6 15. Bxd5 cxd5 16. Bf4 d4 17. cxd4 Bb4 18. Nc3 Qxd4 19. Be5 Qxd3 20. Re3 Qc4 21. b3 Qc5 22. Nd5 Rad8 23. Rd1 f6 24. Bc7 Rd7 25. Nxb4 Rxd1+ 26. Qxd1 Qxb4 27. Bd8 Qf4 28. h3 Qb8 29. Be7 Re8 30. Bd6 Qa8 31. Rxe8+ Bxe8 32. Qe2 h6 33. Kh2 Qd8 34. Qe7 Qxe7 35. Bxe7 1/2-1/2

[Event "TCh-ESP Div Honor 2016"]
[White "Dominguez Perez, Leinier"]
[Black "Piorun, Kacper"]
[Site "Monzon"]
[Result "1/2-1/2"]
[Date "2016.10.02"]
[WhiteElo "2720"]
[BlackElo "2681"]
[PlyCount "61"]
[TimeControl "60"]

1. e4 e5 2. Nf3 Nc6 3. Bb5 a6 4. Ba4 Nf6 5. 0-0 b5 6. Bb3 Bb7 7. d3 Be7 8. Re1 0-0 9. Nbd2 h6 10. a4 Re8 11. c3 Bf8 12. Ba2 b4 13. Nc4 Rb8 14. Bd2 Bc8 15. h3 d6 16. Ne3 bxc3 17. bxc3 Be6 18. Qc2 Bxa2 19. Qxa2 Qd7 20. Rab1 Ne7 21. Qc4 Qc6 22. Kf1 Qxc4 23. Nxc4 Nd7 24. Be3 Rxb1 25. Rxb1 Rb8 26. Rxb8 Nxb8 27. Nfd2 f5 28. f3 Kf7 29. Nb3 Nd7 30. Ke2 Nf6 31. Ncd2 1/2-1/2

[Event "TCh-ESP Div Honor 2016"]
[White "Cheparinov, Ivan"]
[Black "Banusz, Tamas"]
[Site "Monzon"]
[Result "1/2-1/2"]
[Date "2016.10.02"]
[WhiteElo "2677"]
[BlackElo "2613"]
[PlyCount "77"]
[TimeControl "60"]

1. d4 d5 2. c4 c6 3. Nf3 Nf6 4. e3 Bf5 5. Nc3 e6 6. Nh4 Bg6 7. Qb3 Qc7 8. Nxg6 hxg6 9. g3 Nbd7 10. Bg2 Be7 11. 0-0 0-0 12. cxd5 exd5 13. f3 Qb6 14. Rd1 Rfd8 15. e4 dxe4 16. fxe4 Nf8 17. Qxb6 axb6 18. e5 N6d7 19. Be3 b5 20. a3 Nb6 21. Bf2 b4 22. axb4 Bxb4 23. d5 Rxa1 24. Rxa1 Nxd5 25. Nxd5 cxd5 26. Rd1 Rc8 27. Bxd5 Bc5 28. Rd2 b6 29. Bxc5 Rxc5 30. Kf2 Ne6 31. Kf3 Nc7 32. Ke4 Kf8 33. Bb3 Ke7 34. h4 Rb5 35. Bxf7 Rb4+ 36. Kf3 Kxf7 37. Rd7+ Ke6 38. Rxc7 Kxe5 39. Rxg7 1/2-1/2

[Event "TCh-ESP Div Honor 2016"]
[White "Arizmendi Martinez, Julen Luis"]
[Black "Salgado Lopez, Ivan"]
[Site "Monzon"]
[Result "1/2-1/2"]
[Date "2016.10.02"]
[WhiteElo "2489"]
[BlackElo "2662"]
[PlyCount "212"]
[TimeControl "60"]

1. e4 c5 2. Nf3 e6 3. d4 cxd4 4. Nxd4 a6 5. Bd3 Qc7 6. Nc3 Nf6 7. Qe2 d6 8. f4 Nbd7 9. g4 Nc5 10. g5 Nfd7 11. Bd2 b5 12. 0-0-0 Nxd3+ 13. Qxd3 Bb7 14. a3 Rc8 15. Qh3 Qc4 16. Nb3 Bxe4 17. Rhe1 d5 18. f5 exf5 19. Qxf5 Be7 20. Rxe4 dxe4 21. Re1 Qe6 22. Nd4 Qxf5 23. Nxf5 Nc5 24. Nxg7+ Kd7 25. Be3 Rhg8 26. Rd1+ Nd3+ 27. Kb1 Rxg7 28. Nxe4 Rgg8 29. Rxd3+ Ke6 30. h4 Ke5 31. Nd2 Rgd8 32. Bd4+ Kf5 33. c3 Kg4 34. Ne4 Bc5 35. Bxc5 Rxd3 36. Nf2+ Kxh4 37. Nxd3 Kxg5 38. Kc2 h5 39. Bd6 h4 40. Kd2 Re8 41. b3 Re6 42. Bb8 Kf5 43. c4 bxc4 44. bxc4 h3 45. c5 Rh6 46. Bh2 Ke4 47. Ne5 f6 48. Nd3 Kd5 49. Ke3 a5 50. Kf3 Kd4 51. Nf2 Kxc5 52. Kg4 Kc4 53. Bf4 f5+ 54. Kg3 Rb6 55. Nxh3 Rb3+ 56. Kh4 Rxa3 57. Bc7 a4 58. Nf4 Re3 59. Bd6 Kd4 60. Kg5 Ke4 61. Nh5 Rf3 62. Nf6+ Kd4 63. Kg6 Rf1 64. Kg5 f4 65. Kg4 f3 66. Kg3 Ke3 67. Nd5+ Kd3 68. Be7 f2 69. Bf8 Ke2 70. Nf4+ Ke3 71. Ng2+ Ke4 72. Be7 Kd3 73. Bf8 Kd4 74. Kf3 Kd3 75. Nf4+ Kd2 76. Nh3 Ra1 77. Nxf2 a3 78. Ne4+ Kd3 79. Nf2+ Kc4 80. Bxa3 Rxa3+ 81. Kf4 Kd4 82. Ne4 Ra8 83. Nf6 Ra5 84. Ne4 Ra1 85. Ng3 Re1 86. Nf5+ Kd3 87. Ng3 Ra1 88. Kf3 Kd4 89. Kf4 Rb1 90. Nf5+ Kd3 91. Ng3 Kd4 92. Nf5+ Kd5 93. Ne3+ Ke6 94. Ke4 Rb4+ 95. Kd3 Ke5 96. Nc4+ Kd5 97. Ne3+ Kc5 98. Nc2 Rb3+ 99. Ke4 Rh3 100. Ne3 Rh4+ 101. Ke5 Rh5+ 102. Ke4 Rh8 103. Nf5 Re8+ 104. Kf4 Kd5 105. Ne3+ Rxe3 106. Kxe3 Ke5 1/2-1/2

[Event "TCh-ESP Div Honor 2016"]
[White "Vallejo Pons, Francisco"]
[Black "Quesada Perez, Yuniesky"]
[Site "Monzon"]
[Result "1-0"]
[Date "2016.10.02"]
[WhiteElo "2716"]
[BlackElo "2636"]
[PlyCount "71"]
[TimeControl "60"]

1. d4 Nf6 2. c4 e6 3. g3 d5 4. Bg2 Bb4+ 5. Bd2 Bd6 6. Nc3 c6 7. e4 dxe4 8. Nxe4 Nxe4 9. Bxe4 Nd7 10. Nf3 Nf6 11. Bc2 c5 12. Bc3 Bd7 13. Ne5 Qc7 14. 0-0 0-0 15. Nxd7 Nxd7 16. dxc5 Bxc5 17. Qg4 g6 18. Qh4 a5 19. Rad1 e5 20. a3 Rfd8 21. Be4 Kg7 22. Rd5 Bd4 23. Bxd4 exd4 24. Bg2 Nf6 25. Qxd4 Rxd5 26. cxd5 Qd6 27. Rc1 Re8 28. Bf3 Rd8 29. Rc5 Qb6 30. Qc3 a4 31. Rc4 Kg8 32. Rxa4 Nxd5 33. Qa5 Qxa5 34. Rxa5 Nf6 35. Rb5 Rd2 36. Rxb7 1-0

[Event "TCh-ESP Div Honor 2016"]
[White "Kryvoruchko, Yuriy"]
[Black "Adhiban, B."]
[Site "Monzon"]
[Result "1/2-1/2"]
[Date "2016.10.02"]
[WhiteElo "2693"]
[BlackElo "2671"]
[PlyCount "78"]
[TimeControl "60"]

1. e4 c5 2. Nf3 e6 3. d4 cxd4 4. Nxd4 Nc6 5. Nc3 Qc7 6. g3 a6 7. Bg2 Nge7 8. Nb3 Ne5 9. f4 Nc4 10. Qd3 b5 11. Nd4 Bb7 12. b3 Nd6 13. a3 Nc6 14. Bb2 Nxd4 15. Qxd4 Rc8 16. Qd3 a5 17. Rd1 Qc6 18. Rd2 b4 19. axb4 axb4 20. e5 bxc3 21. Bxc6 cxd2+ 22. Kxd2 Bxc6 23. exd6 Bxh1 24. Qa6 Ra8 25. Qb6 Bc6 26. Qc7 f6 27. c4 Kf7 28. b4 Ra2 29. Kc3 Ra6 30. Qc8 Ra8 31. Qc7 Ra6 32. Qc8 Ra8 33. Qc7 Bxd6 34. Qxd6 Rhc8 35. Kd3 Ra6 36. Qd4 Ra4 37. Qd6 Ra6 38. Qd4 Ra4 39. Qd6 Ra6 1/2-1/2

[Event "TCh-ESP Div Honor 2016"]
[White "Laznicka, Viktor"]
[Black "Delchev, Aleksander"]
[Site "Monzon"]
[Result "1/2-1/2"]
[Date "2016.10.02"]
[WhiteElo "2651"]
[BlackElo "2591"]
[PlyCount "66"]
[TimeControl "60"]

1. c4 Nf6 2. Nf3 e6 3. g3 d5 4. Bg2 dxc4 5. Qa4+ Bd7 6. Qxc4 c5 7. Ne5 Qc8 8. d3 Nc6 9. Nxd7 Qxd7 10. Nd2 Rc8 11. Nf3 Be7 12. 0-0 0-0 13. Bd2 Rfd8 14. Rfd1 Nd5 15. a3 Bf6 16. Rab1 Nd4 17. Nxd4 Bxd4 18. Qa2 Qa4 19. Bg5 Rd7 20. Qc4 Nb6 21. Qa2 Nd5 22. Rdc1 h6 23. Bd2 Rcc7 24. Qc4 Qxc4 25. Rxc4 b5 26. Rc2 c4 27. dxc4 Rxc4 28. Rbc1 Rdc7 29. Rxc4 bxc4 30. Rc2 c3 31. bxc3 Nxc3 32. Kf1 g5 33. f4 Rc5 1/2-1/2

[Event "TCh-ESP Div Honor 2016"]
[White "Baklan, Vladimir"]
[Black "Oparin, Grigoriy"]
[Site "Monzon"]
[Result "1-0"]
[Date "2016.10.02"]
[WhiteElo "2619"]
[BlackElo "2626"]
[PlyCount "81"]
[TimeControl "60"]

1. e4 c5 2. c3 d5 3. exd5 Qxd5 4. d4 Nf6 5. Nf3 Bg4 6. Be2 e6 7. h3 Bh5 8. 0-0 Nc6 9. Be3 cxd4 10. cxd4 Be7 11. Nc3 Qd7 12. g4 Bg6 13. Ne5 Qd6 14. Qb3 0-0 15. Qxb7 Nb4 16. Rac1 Rfb8 17. Qf3 Nbd5 18. Nxd5 Nxd5 19. b3 Qa3 20. Bc4 Nb6 21. h4 Nxc4 22. Rxc4 f6 23. Nxg6 hxg6 24. Qe4 Qd6 25. Rc6 Qd5 26. Rxe6 Qxe4 27. Rxe4 Kf7 28. d5 a5 29. Rc1 Rb7 30. Rd4 Rd8 31. Bf4 Rdd7 32. d6 Bd8 33. Kg2 g5 34. hxg5 fxg5 35. Bg3 Bf6 36. Ra4 Bd8 37. Rc5 g6 38. Kf3 Ke6 39. Re4+ Kf7 40. Rec4 Ke6 41. Ke4 1-0

[Event "TCh-ESP Div Honor 2016"]
[White "Edouard, Romain"]
[Black "Santos Ruiz, Miguel"]
[Site "Monzon"]
[Result "1/2-1/2"]
[Date "2016.10.02"]
[WhiteElo "2635"]
[BlackElo "2472"]
[PlyCount "61"]
[TimeControl "60"]

1. c4 c5 2. Nf3 Nc6 3. Nc3 g6 4. e3 Nf6 5. d4 cxd4 6. exd4 d5 7. cxd5 Nxd5 8. Qb3 Nxc3 9. Bc4 e6 10. bxc3 Bg7 11. Ba3 Na5 12. Bb5+ Bd7 13. Qa4 Nc6 14. Qc2 Ne7 15. Bxd7+ Qxd7 16. Ne5 Bxe5 17. dxe5 Qb5 18. Qe2 Qxe2+ 19. Kxe2 Rc8 20. Rab1 b6 21. c4 Rxc4 22. Rhc1 Ra4 23. Rb3 Kd7 24. Bxe7 Rxa2+ 25. Ke1 Kxe7 26. Rc7+ Kf8 27. Rf3 Kg7 28. Rfxf7+ Kh6 29. h4 Kh5 30. g3 Kg4 31. Rxa7 1/2-1/2

[Event "TCh-ESP Div Honor 2016"]
[White "Korneev, Oleg"]
[Black "De La Villa Garcia, Jesus Maria"]
[Site "Monzon"]
[Result "1/2-1/2"]
[Date "2016.10.02"]
[WhiteElo "2581"]
[BlackElo "2473"]
[PlyCount "69"]
[TimeControl "60"]

1. e4 c5 2. Nf3 Nc6 3. Bb5 Nf6 4. Nc3 g6 5. e5 Ng4 6. Bxc6 dxc6 7. h3 Nh6 8. d3 Nf5 9. 0-0 Nd4 10. Ne4 Bg7 11. Bf4 0-0 12. Re1 b6 13. c3 Nxf3+ 14. Qxf3 Bf5 15. g4 Bxe4 16. Qxe4 Qd5 17. Bg5 f6 18. exf6 exf6 19. Qxd5+ cxd5 20. Bf4 Rfe8 21. a4 a6 22. Bc7 Rxe1+ 23. Rxe1 b5 24. Bd6 c4 25. dxc4 bxc4 26. Re6 f5 27. gxf5 gxf5 28. Ba3 Rb8 29. Rxa6 Rb3 30. Ra8+ Kf7 31. Ra7+ Kg6 32. Ra6+ Kf7 33. Ra7+ Kg6 34. Ra6+ Kf7 35. Ra7+ 1/2-1/2

[Event "TCh-ESP Div Honor 2016"]
[White "Santos Latasa, Jaime"]
[Black "Antoli Royo, Joaquin Miguel"]
[Site "Monzon"]
[Result "1-0"]
[Date "2016.10.02"]
[WhiteElo "2569"]
[BlackElo "2441"]
[PlyCount "77"]
[TimeControl "60"]

1. Nf3 d5 2. d4 Nf6 3. c4 c6 4. e3 g6 5. Nc3 Bg7 6. Be2 0-0 7. 0-0 dxc4 8. Bxc4 Bg4 9. h3 Bxf3 10. Qxf3 Nbd7 11. Rd1 e5 12. Bb3 Qe7 13. Bd2 Rad8 14. a3 Rfe8 15. Rab1 h6 16. dxe5 Nxe5 17. Qe2 b5 18. e4 Ned7 19. f3 Nc5 20. Ba2 Nh5 21. g4 Nf6 22. Be3 a5 23. Qf2 Ne6 24. Rxd8 Rxd8 25. e5 Nd5 26. Nxd5 cxd5 27. f4 Bf8 28. Rd1 d4 29. Bd2 d3 30. Bxa5 Rc8 31. Bc3 Rxc3 32. bxc3 Qxa3 33. Qd2 Bc5+ 34. Kh2 Be3 35. Qxe3 Qxa2+ 36. Rd2 Qc4 37. Rxd3 Nxf4 38. Rd4 Qa2+ 39. Qd2 1-0

[Event "TCh-ESP Div Honor 2016"]
[White "Antipov, Mikhail Al"]
[Black "Kuzubov, Yuriy"]
[Site "Monzon"]
[Result "1/2-1/2"]
[Date "2016.10.02"]
[WhiteElo "2550"]
[BlackElo "2629"]
[PlyCount "71"]
[TimeControl "60"]

1. e4 c6 2. Nf3 d5 3. Nc3 Bg4 4. h3 Bxf3 5. Qxf3 e6 6. d3 Nf6 7. g3 Bb4 8. Bd2 Qb6 9. a3 Bxc3 10. Bxc3 d4 11. Bd2 Qxb2 12. Qd1 Qb6 13. Bg2 0-0 14. f4 Nbd7 15. 0-0 e5 16. f5 c5 17. g4 Rfc8 18. g5 Ne8 19. h4 c4 20. f6 cxd3 21. cxd3 Nc5 22. Rb1 Qa6 23. h5 Qxd3 24. g6 hxg6 25. hxg6 Rc7 26. Rc1 Nxf6 27. Rxf6 gxf6 28. Rxc5 Re7 29. gxf7+ Rxf7 30. Qg4+ Rg7 31. Rc8+ Rxc8 32. Qxc8+ Kh7 33. Qf5+ Rg6 34. Qd7+ Rg7 35. Qf5+ Rg6 36. Qd7+ 1/2-1/2